 Dungeon Crawl Stone Soup version 0.21-a0-19-g210df22 (webtiles) character file.

7 lauthentik the Conjurer (level 1, -1/14 HPs)
             Began as a Draconian Conjurer on May 24, 2017.
             Slain by a frilled lizard (2 damage)
             ... on level 1 of the Dungeon.
             The game lasted 00:01:38 (477 turns).

lauthentik the Conjurer (Draconian Conjurer)         Turns: 477, Time: 00:01:39

Health: -1/14      AC:  4    Str: 10    XL:     1   Next: 83%
Magic:  1/3        EV: 12    Int: 15    God:
Gold:   26         SH:  0    Dex: 11    Spells: 3/4 levels left

rFire    . . .     SeeInvis .   (no weapon)
rCold    . . .     Gourm    .   (no shield)
rNeg     . . .     Faith    .   (armour unavailable)
rPois    .         Spirit   .   (helmet restricted)
rElec    .         Reflect  .   (no cloak)
rCorr    .         Harm     .   (no gloves)
MR       .....                  (no boots)
Stlth    ++........             (no amulet)
Regen    0.1/turn               (no ring)
MPRegen  0.1/turn               (no ring)

@: no status effects
A: unfitting armour, cold-blooded, AC +4
a: no special abilities


You were on level 1 of the Dungeon.
You were not hungry.

You visited 1 branch of the dungeon, and saw 1 of its levels.

You collected 26 gold pieces.

Inventory:

Scrolls
 c - a scroll of teleportation {unknown}
Potions
 d - a potion of flight {unknown}
Books
 a - a book of Conjurations

   Spells                             Type                      Level
   a - Magic Dart                     Conjuration                  1
   b - Searing Ray                    Conjuration                  2
   c - Dazzling Spray                 Conjuration/Hexes            3
   d - Fulminant Prism                Conjuration/Hexes            4
   e - Force Lance                    Conjuration/Translocation    4
   f - Iskenderun's Mystic Blast      Conjuration                  4
Comestibles
 b - a bread ration
 f - 3 chunks of flesh


   Skills:
 + Level 1.8 Dodging
 + Level 1.7 Stealth
 + Level 2.1 Spellcasting
 + Level 4.2 Conjurations


You had 3 spell levels left.
You knew the following spells:

 Your Spells              Type           Power        Failure   Level  Hunger
a - Magic Dart            Conj           ##..         3%          1    #......


Dungeon Overview and Level Annotations

Branches:
Dungeon (1/15)

Altars:


Innate Abilities, Weirdness & Mutations

Your plain brown scales are hard. (AC +4)
You cannot fit into any form of body armour.
You are cold-blooded and may be slowed by cold attacks.


Message History

The jackal is heavily wounded.
The jackal closely misses you.
The jackal bites you but does no damage.
The jackal bites you. The jackal bites you. The jackal barely misses you.
You miss the jackal. The jackal misses you. The jackal bites you. x2
* * * LOW HITPOINT WARNING * * *
The jackal misses you.
The jackal bites you but does no damage.
The jackal completely misses you. The jackal barely misses you.
The jackal closely misses you.
You closely miss the frilled lizard. The jackal closely misses you.
The frilled lizard bites you but does no damage.
The jackal bites you but does no damage. x2
The jackal misses you.
The frilled lizard bites you but does no damage.
The jackal completely misses you. The jackal bites you.
* * * LOW HITPOINT WARNING * * *
The frilled lizard bites you.
You die...

# #.........# # #.........#
######.........#
##.............##########
.................[......#
.................g......#
##.......##.###.hh......#
#......#....###glh......#
#รท##...####.....@.......#
.....#.# #.###.........#########
.#...#.# #.###.........##.......
.....#.####.##..........##.......
.....#......##..........##.......
.....# # #.....###########.......
.....# ##....# #.....### ......
.###..#.# ##[..#.#
...#..#........#########.)..#.#


You could see 3 jackals, 2 hobgoblins and a frilled lizard.

Vanquished Creatures
  A bat (D:1)
  2 hobgoblins (D:1)
  A frilled lizard (D:1)
  A kobold (D:1)
  2 rats (D:1)
7 creatures vanquished.

Notes
Turn   | Place    | Note
-------+----------+-------------------------------------------
     0 | D:1      | lauthentik the Draconian Conjurer began the quest for the Orb.
     0 | D:1      | Reached XP level 1. HP: 14/14 MP: 3/3
     2 | D:1      | Noticed a naga
     2 | D:1      | Noticed a troll
     4 | D:1      | Noticed a gargoyle
     4 | D:1      | Noticed a vampire
     7 | D:1      | Noticed a draconian
     7 | D:1      | Noticed an octopode
     9 | D:1      | Noticed a minotaur
     9 | D:1      | Noticed a formicid
    11 | D:1      | Noticed a ghoul
    11 | D:1      | Noticed a dwarf
    13 | D:1      | Noticed a human
    15 | D:1      | Noticed a demonspawn
    15 | D:1      | Noticed a halfling
    17 | D:1      | Noticed a demigod
    17 | D:1      | Noticed an ogre
    19 | D:1      | Noticed a centaur
    21 | D:1      | Noticed a felid
    21 | D:1      | Noticed a spriggan
    23 | D:1      | Noticed a vine stalker
    23 | D:1      | Noticed a tengu
    25 | D:1      | Noticed an elf
    28 | D:1      | Noticed a merfolk
   477 | D:1      | Slain by a frilled lizard

Vault maps used:
D:1:      kb_arrival_jail, minmay_tromino_mix6

Action                   || total
-------------------------++-------
Melee: Unarmed           ||    25
 Cast: Magic Dart        ||    14
Armor: Skin              ||    22
Dodge: Dodged            ||    29
